 Seeded DCSS version 0.28-a0-1227-ga9037bb4c8 (webtiles) character file.

Game seed: 3735675696286094443 (custom seed)

3819 flotson the Cudgeller (level 9, -21/55 (69) HPs)
             Began as a Demonspawn Gladiator on Dec 23, 2021.
             Was an Initiate of Gozag.
             Demolished by a boulder beetle (48 damage)
             ... on level 9 of the Dungeon.
             The game lasted 00:15:28 (10857 turns).

flotson the Cudgeller (Demonspawn Gladiator)       Turns: 10857, Time: 00:15:28

HP:   -21/55 (69)   AC: 11    Str: 20    XL:     9   Next: 97%
MP:   9/9           EV: 12    Int: 10    God:    Gozag
Gold: 736           SH: 14    Dex: 17    Spells: 8/8 levels left

rFire   . . .      SeeInvis .   a - +6 trident of Spores {elec, rElec Str+2}
rCold   + . .      Faith    .   p - +0 kite shield
rNeg    + + +      Spirit   .   d - +4 ring mail of the Hall of Blades {rC+ rN++ Dex+2 Stlth-}
rPois   .          Reflect  .   (helmet restricted)
rElec   +          Harm     .   (no cloak)
rCorr   +          Rampage  .   (no gloves)
Will    .....                   (no boots)
Stlth   ..........              r - amulet of the acrobat
HPRegen 0.18/turn               x - ring of positive energy
MPRegen 0.22/turn               L - ring of resist corrosion

@: heavily drained
A: antennae 2, magic regeneration, sharp scales 1, condensation shield
a: Renounce Religion, Potion Petition, Call Merchant, Bribe Branch


You were on level 9 of the Dungeon.
You worshipped Gozag.
Gozag was pleased with you.
You visited 2 branches of the dungeon, and saw 10 of its levels.

You collected 879 gold pieces.
You spent 33 gold pieces at shops.
You paid 110 gold pieces to Gozag.

Inventory:

Hand Weapons
 a - the +6 trident of Spores (weapon) {elec, rElec Str+2}
   (You took it off a centaur on level 9 of the Dungeon)

   It occasionally discharges a powerful burst of electricity upon striking a
   foe.
   Str:       It affects your strength (+2).
   rElec:     It insulates you from electricity.
Missiles
 s - 32 poisoned darts (quivered)
 t - 10 boomerangs
 w - 5 atropa-tipped darts
 D - 6 silver boomerangs
 M - 3 boomerangs of dispersal
Armour
 d - the +4 ring mail of the Hall of Blades (worn) {rC+ rN++ Dex+2 Stlth-}
   (You found it on level 8 of the Dungeon)

   Dex:       It affects your dexterity (+2).
   rC:        It protects you from cold.
   rN:        It greatly protects you from negative energy.
   Stlth:     It makes you less stealthy.
 j - a +2 leather armour of fire resistance
 p - a +0 kite shield (worn)
 q - +0 pearl dragon scales
Jewellery
 r - an amulet of the acrobat (around neck)
 x - a ring of positive energy (left hand)
 I - a ring of fire
 L - a ring of resist corrosion (right hand)
Wands
 u - a wand of acid (8)
 C - a wand of paralysis (7)
 G - a wand of iceblast (9)
 H - a wand of charming (7)
Scrolls
 b - 2 scrolls of immolation {unknown}
 c - 2 scrolls of teleportation {unknown}
 e - 2 scrolls of blinking
 f - 2 scrolls of magic mapping {unknown}
 h - a scroll of silence {unknown}
 i - 6 scrolls of identify
 k - 3 scrolls of enchant weapon {unknown}
 o - a scroll of fog {unknown}
 v - 3 scrolls of fear
 A - 2 scrolls of vulnerability {unknown}
 E - a scroll of summoning {unknown}
 K - a scroll of enchant armour {unknown}
Potions
 g - 3 potions of ambrosia {unknown}
 l - 2 potions of degeneration {unknown}
 m - 2 potions of curing
 n - a potion of haste {unknown}
 z - a potion of invisibility {unknown}
 B - a potion of mutation {unknown}
 F - a potion of lignification
 J - a potion of resistance {unknown}
 N - a potion of heal wounds {unknown}


   Skills:
 + Level 5.8 Fighting
 + Level 0.1(3.5) Axes
 - Level 5.8 Maces & Flails
 + Level 5.3 Throwing
 + Level 4.8 Armour
 + Level 5.8 Dodging
 + Level 4.4 Shields
 + Level 4.6 Evocations


You had 8 spell levels left.
You didn't know any spells.
Your spell library contained the following spells:

 Spells                   Type           Power      Damage    Failure   Level
 Confusing Touch          Hex            0%         N/A       100%        3
 Dazzling Flash           Conj/Hex       0%         N/A       100%        3
 Fulminant Prism          Conj/Hex       0%         3d6       100%        4
 Iskenderun's Mystic Bla  Conj/Tloc      0%         2d3       100%        4
 Summon Lightning Spire   Summ/Air       0%         N/A       100%        4
 Starburst                Conj/Fire      0%         6d3       100%        6
 Haunt                    Necr/Summ      0%         N/A       100%        7


Dungeon Overview and Level Annotations

Branches:
Dungeon (9/15)             Temple (1/1) D:6            Lair (0/6) D:8
    Orc: D:9-12

Altars:
Dithmenos
Elyvilon
Gozag
Makhleb
Nemelex Xobeh
Qazlal
Ru
Sif Muna
The Shining One
Beogh

Shops:
D:3 [   D:8 *

Annotations:
D:8 3 runed translucent doors, flotson's ghost, novice DsGl


Innate Abilities, Weirdness & Mutations

You have a pair of antennae on your head.
You regenerate magic rapidly.
You are partially covered in razor-sharp scales. (AC +1, Slay +1)
A meltable shield of frost defends you. (SH +4)


Message History

The boulder beetle waves its antennae.
You puncture the boulder beetle!
The boulder beetle is lightly wounded.
The orc wizard gestures wildly while chanting.
The orc wizard flickers and vanishes!
Deactivating autopickup; reactivate with Ctrl-A.
You block the boulder beetle's attack.
You hit the boulder beetle but do no damage.
The boulder beetle is lightly wounded.
The gnoll sergeant closely misses you.
The boulder beetle leaps!
You block the gnoll sergeant's attack.
You reach to attack!
You barely miss the gnoll sergeant.
The gnoll sergeant is moderately wounded.
The gnoll sergeant hits you from afar with a +0 trident.
You reach to attack!
You puncture the gnoll sergeant!
The gnoll sergeant is severely wounded.
The gnoll sergeant hits you from afar with a +0 trident!
The boulder beetle curls into a ball and begins rolling!
Throw: 33 darts (poison)
Press: ? - help, Q - select action, (/) - cycle Shift-Dir - straight line, f/p - gnoll sergeant
Aim: a gnoll sergeant, wielding a +0 trident and wearing a +0 scale mail (sparse dust, severely wounded, 72% to hit)
You throw a poisoned dart.
The poisoned dart hits the boulder beetle!
The boulder beetle is poisoned.
The boulder beetle is lightly wounded.
The gnoll throws a stone.
The stone completely misses you.
The boulder beetle completely misses you.
The boulder beetle stops rolling and uncurls.
The gnoll throws a stone.
You block the stone.
The boulder beetle waves its antennae.
The boulder beetle curls into a ball and begins rolling!
There is a stone staircase leading up here.
Throw: 32 darts (poison)
Press: ? - help, Q - select action, (/) - cycle Shift-Dir - straight line, f/p - gnoll sergeant
Aim: a gnoll sergeant, wielding a +0 trident and wearing a +0 scale mail (severely wounded, 72% to hit)
Okay, then.
The boulder beetle hits you!!!
Ouch! That really hurt!
You die...
Your body crumbles into a pile of gold.

#....#######.###...°(..#
##..## #......####.##
##.# #..o........##
###..# #.........##..
.....# ###gg....##.....
.....####.g.............
..........#..#'###.....#
..........°{...# #....##
.......@B○...#####....#.
.....#.........#......#.
#### #....(..#.#......#.
##)####.#.#....#...
######'## #.#.#....#..
#.....).# #.#.#....#..
#.......# #.#...u..#
#.......# #.###....#
#.......# #.# .....#


You could see a boulder beetle (rolling, poisoned), a gnoll sergeant, an orc
priest and 2 gnolls.

Vanquished Creatures
  A manticore (D:8)
  2 hornets
  A slime creature (D:9)
  A wraith (D:9)
  4 yaks (D:9)
  Menkaure (D:6)
  2 ice beasts (D:7)
  2 sky beasts
  A black bear (D:5)
  A necrophage (D:5)
  2 centaurs (D:9)
  A phantom (D:4)
  A bullfrog (D:8)
  A wyvern zombie (D:9)
  3 killer bees
  4 wights (D:8)
  2 howler monkeys
  A bullfrog zombie (D:5)
  A centaur zombie (D:9)
  A hound (D:6)
  5 orc priests
  2 bullfrog skeletons (D:5)
  2 centaur skeletons (D:5)
  2 orc wizards
  2 iguanas
  2 killer bee zombies (D:8)
  A howler monkey skeleton (D:4)
  A gnoll (D:9)
  8 adders
  2 shadow imps
  4 ufetubi
  An adder skeleton (D:4)
  2 worms
  6 dart slugs
  22 orcs
  7 endoplasms
  2 giant cockroaches
  7 goblins
  3 hobgoblins
  6 quokkas (D:1)
  9 ball pythons
  11 bats
  6 frilled lizards
  8 kobolds
  7 rats
161 creatures vanquished.

Notes
Turn   | Place    | Note
-------+----------+-------------------------------------------
     0 | D:1      | flotson the Demonspawn Gladiator began the quest for the
                  | Orb.
     0 | D:1      | Reached XP level 1. HP: 16/16 MP: 1/1
   114 | D:1      | Gained mutation: You regenerate magic rapidly. [demonic
                  | ancestry]
   114 | D:1      | Reached XP level 2. HP: 11/22 MP: 2/2
  1057 | D:1      | Reached skill level 1 in Armour
  1057 | D:1      | Gained mutation: You are partially covered in razor-sharp
                  | scales. (AC +1, Slay +1) [demonic ancestry]
  1057 | D:1      | Reached XP level 3. HP: 28/28 MP: 3/3
  1783 | D:2      | Reached XP level 4. HP: 31/34 MP: 4/4
  2696 | D:3      | Gained mutation: You have a pair of small antennae on your
                  | head. [demonic ancestry]
  2696 | D:3      | Reached XP level 5. HP: 40/40 MP: 5/5
  3138 | D:3      | Found Meozaqap's Armour Shoppe.
  3389 | D:3      | Found a shimmering blue altar of Sif Muna.
  3545 | D:4      | Noticed a phantom
  3562 | D:4      | Killed a phantom
  3900 | D:4      | Got the Volume of Creative Bewitchment
  4198 | D:5      | Entered Level 5 of the Dungeon
  4203 | D:5      | Noticed a necrophage
  4208 | D:5      | Killed a necrophage
  4209 | D:5      | Reached skill level 1 in Shields
  4209 | D:5      | Reached XP level 6. HP: 41/47 MP: 6/6
  4314 | D:5      | Reached skill level 1 in Evocations
  4329 | D:5      | Reached XP level 7. HP: 40/52 MP: 7/7
  5212 | D:6      | Noticed Menkaure
  5267 | D:6      | Killed Menkaure
  5547 | D:6      | Identified the +7 flail "Masishrau" {vorpal, Drain Fly
                  | Int+4}
  6089 | D:6      | Found a staircase to the Ecumenical Temple.
  6119 | Temple   | Entered the Ecumenical Temple
  6155 | Temple   | Became a worshipper of Gozag Ym Sagoz the Greedy
  6300 | D:6      | Gained mutation: A meltable shield of frost defends you.
                  | (SH +4) [demonic ancestry]
  6300 | D:6      | Reached XP level 8. HP: 60/60 MP: 8/8
  6406 | D:6      | Found a stormy altar of Qazlal.
  7362 | D:7      | Noticed a hornet
  7370 | D:7      | Killed a hornet
  7903 | D:8      | Reached skill level 5 in Maces & Flails
  8088 | D:8      | Found Gereamp's Changing Room.
  8147 | D:8      | Found a staircase to the Lair.
  8161 | D:8      | Reached skill level 5 in Dodging
  8222 | D:8      | Bought a potion of lignification for 33 gold pieces
  8339 | D:8      | Noticed a hornet
  8361 | D:8      | Killed a hornet
  8362 | D:8      | Reached skill level 5 in Fighting
  8362 | D:8      | Gained mutation: You have a pair of antennae on your head.
                  | [demonic ancestry]
  8362 | D:8      | Reached XP level 9. HP: 27/68 MP: 9/9
  8632 | D:8      | Identified the +4 ring mail of the Hall of Blades {rC+ rN++
                  | Dex+2 Stlth-}
  8693 | D:8      | Found a shadowy altar of Dithmenos.
  8869 | D:8      | Found a runed translucent gate.
  8870 | D:8      | Noticed flotson's ghost (novice DsGl)
  8870 | D:8      | Found a runed translucent gate.
  8871 | D:8      | Found a runed translucent gate.
  8872 | D:8      | Identified the +3 chain mail of Calculation {rF- rC+++
                  | Will+ Int+8}
  9214 | D:9      | Noticed a manticore
  9222 | D:8      | HP: 2/68 [manticore (10)]
  9223 | D:8      | Killed a manticore
  9607 | D:9      | Reached skill level 5 in Throwing
  9626 | D:9      | Noticed a black mamba
  9634 | D:9      | Identified the +6 trident of Spores {elec, rElec Str+2}
 10131 | D:9      | Noticed a cyan ugly thing
 10194 | D:9      | Noticed a wind drake
 10194 | D:9      | a water moccasin changed into a wind drake
 10222 | D:9      | Noticed a troll
 10647 | D:9      | Noticed a boulder beetle
 10857 | D:9      | Demolished by a boulder beetle

Illustrated notes

Levels and vault maps discovered:
D:1:      saegor_arrival_simple_b, layout_basic, minmay_misc_feat_rows,
          minmay_tetromino_t2
D:2:      layout_loops_ring, minmay_liquid_box
D:3:      layout_basic, lemuel_tele_altar, serial_shops, shop, wad_orctagon
D:4:      layout_loops_cross
D:5:      layout_basic, kennysheep_generic_room_14
D:6:      layout_layer_cave, mainiacjoe_overflow_alcove_4, temple_doors_e,
          uniq_menkaure
D:7:      layout_loops_ring, kennysheep_generic_room_8
D:8:      layout_cave_pods, grunt_dithmenos_smoke_and_mirrors, lair_entry_dummy,
          biasface_ghost_orc_armoury, grunt_decor_cap,
          nicolae_transmutations_shop
D:9:      layout_basic, okawaru_trees_2, minmay_radiant
Temple:   bh_familiar_temple

Skill      XL: |  1  2  3  4  5  6  7  8  9 |
---------------+----------------------------+-----
Throwing       | 2 3 4 5 |  5.3
Armour         | 1 2 3 4 |  4.8
Maces & Flails | 3 4 5 |  5.8
Dodging        | 3 4 5 |  5.8
Fighting       | 3 4 5 |  5.8
Shields        | 1 2 3 4 |  4.4
Evocations     | 1 2 3 4 |  4.6
Axes           | |  0.1

Action                   |  1- 3 |  4- 6 |  7- 9 || total
-------------------------+-------+-------+-------++-------
Melee: Flail             |   138 |   231 |   259 ||   628
       Trident           |       |       |    15 ||    15
Throw: Throwing net      |       |     1 |     3 ||     4
       Dart              |       |       |     9 ||     9
Evoke: Wand              |       |       |     3 ||     3
  Use: Scroll            |       |       |     3 ||     3
       Potion            |       |       |     1 ||     1
 Stab: Sleeping          |     1 |       |       ||     1
       Held in net/web   |       |       |     2 ||     2
Armor: Leather armour    |    72 |    40 |       ||   112
       Pearl dragon scal |       |    83 |   110 ||   193
       Ring mail         |       |       |    17 ||    17
Dodge: Dodged            |   122 |   147 |   131 ||   400
Block: Kite shield       |       |    50 |   221 ||   271

Table legend: (Time is in decaauts)
 A = Elapsed time spent in this place.
 B = Non-inter-level travel time spent in this place.
 C = Inter-level travel time spent in this place.
 D = Time resting spent in this place.
 E = Time spent auto-exploring this place.
 F = Levels seen in this place.
 G = Mean time per level.
                   A        B        C        D        E       F      G
               +--------+--------+--------+--------+--------+-----+--------+
         Total |  11103 |  10498 |    605 |    463 |   8242 |  10 | 1110.3 |
       Dungeon |  11050 |  10462 |    588 |    463 |   8211 |   9 | 1227.8 |
        Temple |     53 |     36 |     17 |      0 |     31 |   1 |   53.0 |
               +--------+--------+--------+--------+--------+-----+--------+

Top non-repeatable levels by time:
     D:8: 2175 daAuts
     D:6: 1672 daAuts
     D:1: 1351 daAuts
     D:7: 1329 daAuts
     D:3: 1071 daAuts
     D:2: 1066 daAuts
     D:5: 1007 daAuts
     D:4: 805 daAuts
     D:9: 568 daAuts
  Temple: 53 daAuts
